 Dungeon Crawl Stone Soup version 0.29-a0-802-g34511f41fd (webtiles) character file.

Game seed: 13456192611090473695

579 dolemite99 the Cleaver (level 7, -1/85 HPs)
             Began as a Minotaur Fighter on July 3, 2022.
             Was a Believer of Makhleb.
             Slain by an ufetubus (3 damage)
             ... on level 5 of the Dungeon.
             The game lasted 00:04:09 (4609 turns).

dolemite99 the Cleaver (Minotaur Fighter)           Turns: 4609, Time: 00:04:10

Health: -1/85      AC: 23    Str: 22      XL:     7   Next: 13%
Magic:  6/6        EV:  2    Int:  5      God:    Makhleb [**....]
Gold:   107        SH:  4    Dex:  9 (10) Spells: 6/6 levels left

rFire   + . .      SeeInvis .   a - +0 war axe
rCold   . . .      Faith    .   c - +0 buckler
rNeg    . . .      Spirit   .   (body armour currently unavailable)
rPois   +          Reflect  .   (helmet currently unavailable)
rElec   .          Harm     .   (cloak currently unavailable)
rCorr   .          Rampage  .   (gloves currently unavailable)
Will    .....      NoTele   +   (boots currently unavailable)
Stlth   +.........              (no amulet)
HPRegen 0.24/turn               f - ring of protection from fire
MPRegen 0.10/turn               (no ring)

@: tree-form
A: stationary, stasis, torment immunity, boosted hp, (horns 2), (retaliatory
headbutt)
a: Renounce Religion, Minor Destruction


You were on level 5 of the Dungeon.
You worshipped Makhleb.
Makhleb was pleased with you.
You were a tree.
You visited 1 branch of the dungeon, and saw 5 of its levels.

You collected 271 gold pieces.
You spent 164 gold pieces at shops.

Inventory:

Hand Weapons
 a - a +0 war axe (weapon)
Missiles
 h - 5 boomerangs (quivered)
Armour
 b - a +0 scale mail (melded)
 c - a +0 buckler (worn)
Magical Staves
 k - a staff of air
Jewellery
 f - a ring of protection from fire (left branch)
 r - a ring of positive energy
 s - an amulet of magic regeneration
Wands
 o - a wand of mindburst (7)
Scrolls
 g - 5 scrolls of identify {@r1}
 i - 3 scrolls of fear
 l - a scroll of summoning
 q - 4 scrolls of fog
 t - a scroll of immolation {unknown}
 v - a scroll of teleportation
 w - a scroll of amnesia {unknown}
Potions
 d - a potion of lignification
 e - 2 potions of haste {unknown}
 j - a potion of resistance {unknown}
 m - 3 potions of cancellation {unknown}
 n - a potion of mutation {unknown}
 p - a potion of brilliance {unknown}


   Skills:
 - Level 3.6 Fighting
 + Level 9.5 Axes
 - Level 3.6 Armour
 - Level 3.6 Shields


You had 6 spell levels left.
You didn't know any spells.
Your spell library contained the following spells:

 Spells                   Type           Power      Damage    Failure   Level
 Magic Dart               Conj           0%         1d3       56%         1
 Call Imp                 Summ           0%         N/A       71%         2
 Call Canine Familiar     Summ           0%         N/A       91%         3
 Mephitic Cloud           Conj/Pois/Air  0%         N/A       91%         3
 Portal Projectile        Hex/Tloc       0%         N/A       91%         3
 Summon Guardian Golem    Hex/Summ       0%         N/A       91%         3
 Leda's Liquefaction      Hex/Erth       0%         N/A       100%        4
 Orb of Destruction       Conj           0%         9d5       100%        7
 Spellforged Servitor     Conj/Summ      0%         N/A       100%        7


Dungeon Overview and Level Annotations

Branches:
Dungeon (5/15)             Temple (0/1) D:5

Altars:
Makhleb

Shops:
D:4 ?

Annotations:
D:4 2 transporters


Innate Abilities, Weirdness & Mutations

You are a tree.
Your roots penetrate the ground, keeping you stationary.
You cannot be teleported.
You are immune to unholy pain and torment.
Your maximum health is greatly increased.
Your equipment is partially melded.
((You have a pair of horns on your head.))
((You reflexively headbutt those who attack you in melee.))


Message History

You hit the quasit but do no damage.
You headbutt the quasit, but do no damage.
The quasit bites you but does no damage.
The quasit closely misses you. The quasit barely misses you.
The orc hits you from afar with a +0 trident of freezing!
* * * LOW HITPOINT WARNING * * *
The orc freezes you.
* * * LOW HITPOINT WARNING * * *
You block the quasit's attack.
The quasit claws you but does no damage. x2
The ufetubus hits you but does no damage. x2
Really quaff the potion of lignification?
You turn into a tree.
Your +0 scale mail melds into your body.
Your roots penetrate the ground.
The ufetubus hits you but does no damage.
The ufetubus completely misses you. The orc barely misses you.
The quasit bites you but does no damage.
You block the quasit's attack.
The quasit claws you but does no damage.
You barely miss the quasit. You barely miss the ufetubus.
The ufetubus hits you but does no damage. x2
The quasit bites you but does no damage.
You block the quasit's attack. The quasit barely misses you.
The orc hits you but does no damage.
The ufetubus hits you but does no damage. x2
You slice the quasit!!
You kill the quasit!
Makhleb accepts your kill.
You feel better.
You miss the ufetubus.
The ufetubus hits you but does no damage.
The ufetubus barely misses you. The orc hits you but does no damage.
You closely miss the ufetubus. You block the ufetubus's attack.
The ufetubus hits you but does no damage.
The orc hits you from afar with a +0 trident of freezing.
* * * LOW HITPOINT WARNING * * *
The orc freezes you.
* * * LOW HITPOINT WARNING * * *
The ufetubus hits you.
You die...

*,,,,....,,*** *,,,,≈≈,,*
*,,,,...<,,,,# *,,≈≈≈,,,*
**####..##**.##**,≈≈≈≈≈,,*
#......#*...,,,,,≈,≈,,,*
#......##.#,***,,,,,*,,*
#.........#,***,,,,,,,,*
#...†...#*,,,#.,,,,,,,,*
##.......#*,#...,>,,,,,,*
##).(....♣#,.....*,*******
##.......5.#......*,*
##..#.....o....∩...*,*
#...........<.....#*,* *
######...######.#......#*,*** *
....†..### #[#.....##,,,,** **
..###### ****#.......#*,,,,,***,
.##***##***,,,...#.#..#*,*,*,**,,
####....,..,*,.###.#..#*,,,*,,,,*


You could see an orc and an ufetubus.

Vanquished Creatures
  An ogre (D:3)
  2 scorpions
  A necrophage (D:5)
  A quasit (D:5)
  2 hounds
  A jelly (D:5)
  5 gnolls
  3 adders
  A shadow imp (D:5)
  2 white imps (D:5)
  4 ufetubi (D:5)
  A dart slug (D:2)
  An orc (D:4)
  4 ball pythons
  3 bats
  3 endoplasms
  6 goblins
  8 hobgoblins
  6 kobolds
  5 quokkas
  4 frilled lizards
  3 rats
67 creatures vanquished.

Vanquished Creatures (collateral kills)
  2 gnolls (D:5)
2 creatures vanquished.

Vanquished Creatures (others)
  4 plants (D:1)
4 creatures vanquished.

Grand Total: 73 creatures vanquished

Notes
Turn   | Place    | Note
-------+----------+-------------------------------------------
     0 | D:1      | dolemite99 the Minotaur Fighter began the quest for the
                  | Orb.
     0 | D:1      | Reached XP level 1. HP: 19/19 MP: 0/0
    69 | D:1      | Reached skill level 3 in Axes
   364 | D:1      | Reached XP level 2. HP: 26/26 MP: 1/1
   474 | D:1      | Found a faded altar of an unknown god.
  1016 | D:1      | Prayed at the altar of an unknown god.
  1016 | D:1      | Became a worshipper of Makhleb the Destroyer
  1016 | D:1      | Reached * piety under Makhleb
  1338 | D:2      | Reached skill level 4 in Axes
  1585 | D:2      | Reached XP level 3. HP: 31/31 MP: 2/2
  2157 | D:3      | Reached skill level 5 in Axes
  2160 | D:3      | Reached XP level 4. HP: 5/39 MP: 3/3
  2244 | D:3      | Noticed an ogre
  2784 | D:3      | Killed an ogre
  2785 | D:3      | Reached skill level 7 in Axes
  2785 | D:3      | Reached XP level 5. HP: 45/45 MP: 4/4
  3270 | D:4      | Reached ** piety under Makhleb
  3303 | D:4      | Found Jogaid's Magic Scroll Shop.
  3312 | D:4      | Bought a scroll of fog for 22 gold pieces
  3312 | D:4      | Bought a scroll of fear for 38 gold pieces
  3312 | D:4      | Bought a scroll of summoning for 104 gold pieces
  3420 | D:4      | Reached XP level 6. HP: 51/51 MP: 5/5
  3622 | D:4      | Found a transporter.
  3635 | D:4      | Reached skill level 8 in Axes
  3643 | D:4      | Found a transporter.
  3719 | D:5      | Entered Level 5 of the Dungeon
  3888 | D:5      | Found a staircase to the Ecumenical Temple.
  4525 | D:5      | Reached skill level 9 in Axes
  4592 | D:5      | Reached XP level 7. HP: 44/57 MP: 6/6
  4609 | D:5      | HP: 3/85 [orc/+0 trident of freezing (5)]
  4609 | D:5      | Slain by an ufetubus

Illustrated notes

Levels and vault maps discovered:
D:1:      dpeg_arrival_rooms_c, layout_loops_ring,
          shapermc_ecumenical_altar_flowoftime, dk_noncrumbling_2,
          corexii_corridor_pit, moated_statue, st_stairs_13, chequers_big_river
D:2:      layout_basic
D:3:      layout_loops_ring, chequers_serial_rivers_small_b,
          hangedman_decor_push
D:4:      gammafunk_wand_slinger, layout_basic, serial_shops, shop
D:5:      lemuel_ice_spiral_2, layout_rooms, minmay_temple_entry_junction,
          serial_demonic, serial_demonic_d, serial_demonic_g, serial_demonic_a,
          serial_demonic_d, serial_demonic_c, serial_demonic_f

Skill      XL: |  1  2  3  4  5  6 |
---------------+-------------------+-----
Axes           | 3 4 5 7 9 |  9.5
Fighting       | |  3.6
Armour         | |  3.6
Shields        | |  3.6

Action                   |  1- 3 |  4- 6 |  7- 9 || total
-------------------------+-------+-------+-------++-------
Melee: War axe           |    64 |    74 |    11 ||   149
       Headbutt          |     7 |    11 |     2 ||    20
Throw: Dart              |     6 |    30 |       ||    36
  Use: Scroll            |     1 |     3 |       ||     4
       Potion            |     2 |     3 |     1 ||     6
Armor: Scale mail        |    32 |    29 |    18 ||    79
       Skin              |       |     4 |    12 ||    16
Dodge: Dodged            |    31 |    46 |    23 ||   100
Block: Buckler           |    15 |    12 |     6 ||    33

Table legend: (Time is in decaauts)
 A = Elapsed time spent in this place.
 B = Non-inter-level travel time spent in this place.
 C = Inter-level travel time spent in this place.
 D = Time resting spent in this place.
 E = Time spent auto-exploring this place.
 F = Levels seen in this place.
 G = Mean time per level.
                   A        B        C        D        E       F      G
               +--------+--------+--------+--------+--------+-----+--------+
         Total |   4663 |   4485 |    178 |   1140 |   2639 |   5 |  932.6 |
       Dungeon |   4663 |   4485 |    178 |   1140 |   2639 |   5 |  932.6 |
               +--------+--------+--------+--------+--------+-----+--------+

Top non-repeatable levels by time:
     D:1: 1252 daAuts
     D:3: 1181 daAuts
     D:5: 894 daAuts
     D:2: 876 daAuts
     D:4: 459 daAuts
